 Dungeon Crawl Stone Soup version 0.18-a0-1514-g6ed9364 (webtiles) character file.

186 mrath the Cudgeler (level 5, -1/41 HPs)
             Began as a Demonspawn Abyssal Knight on Mar 7, 2016.
             Was a Believer of Lugonu.
             Slain by a goblin (5 damage)
             ... led by Robin
             ... on level 3 of the Dungeon.
             The game lasted 00:14:13 (3103 turns).

mrath the Cudgeler (Demonspawn Abyssal Knight)      Turns: 3103, Time: 00:14:13

Health: -1/41      AC:  5    Str: 13    XL:     5   Next: 38%
Magic:  6/6        EV: 10    Int: 13    God:    Lugonu [**....]
Gold:   59         SH:  0    Dex: 13    Spells: 0 memorised, 4 levels left

rFire  . . .     SeeInvis .     a - +1 mace
rCold  . . .     Gourm    .     C - +0 ring mail
rNeg   . . .     Faith    .     (no shield)
rPois  .         Spirit   .     (helmet restricted)
rElec  .         Dismiss  .     (no cloak)
rCorr  .         Reflect  .     (no gloves)
SustAt .         Harm     .     (no boots)
MR     .....                    (no amulet)
Stlth  +.........               (no ring)
                                (no ring)

@: not resistant to hostile enchantments, very unstealthy
A: antennae 1, foul stench 1, rot immunity
a: Depart the Abyss, Bend Space, Renounce Religion


You were on level 3 of the Dungeon.
You worshipped Lugonu.
Lugonu was pleased with you.
You were not hungry.

You visited 1 branch of the dungeon, and saw 3 of its levels.
You visited the Abyss 1 time.

You collected 59 gold pieces.

Inventory:

Hand Weapons
 a - a +1 mace (weapon)
 q - a +0 hand axe of electrocution
 A - a cursed -3 blowgun
Missiles
 b - 3 tomahawks
 g - 86 stones (quivered)
 l - 17 sling bullets
 B - 16 poisoned needles
Armour
 C - a +0 ring mail (worn)
Jewellery
 m - an uncursed amulet of rage {unknown}
 p - a +3 amulet of reflection {unknown}
Wands
 s - a wand of acid (8/15)
Scrolls
 d - 3 scrolls of remove curse {unknown}
 e - a scroll of magic mapping {unknown}
 h - a scroll of immolation {unknown}
 j - 3 scrolls of teleportation {unknown}
 k - a scroll of noise {unknown}
 n - 2 scrolls of identify {unknown}
 t - a scroll of enchant armour {unknown}
 u - a scroll of fog {unknown}
 y - a scroll of recharging {unknown}
Potions
 f - a potion of curing {unknown}
 i - a potion of degeneration {unknown}
 o - a potion of flight {unknown}
 r - a potion of cancellation {unknown}
 v - a potion of haste {unknown}
 w - a potion of heal wounds {unknown}
 z - a potion of resistance {unknown}
Comestibles
 c - a bread ration
 x - 3 chunks of flesh


   Skills:
 + Level 3.0 Fighting
 + Level 4.9 Maces & Flails
 + Level 1.7 Armour
 + Level 1.1 Dodging
 + Level 2.5 Invocations
 + Level 0.8 Evocations


You had 4 spell levels left.
You didn't know any spells.

Dungeon Overview and Level Annotations

Branches:
Dungeon (3/15)

Altars:
Makhleb


Innate Abilities, Weirdness & Mutations

You have a pair of small antennae on your head.
You may emit foul miasma when damaged in melee.
You are immune to rotting.


Message History

Robin hits you with a short sword.
* * * LOW HITPOINT WARNING * * *
The orc closely misses you. The orc wizard barely misses you.
The goblin barely misses you.
You closely miss the goblin.
Robin is engulfed in dark miasma.
Robin looks even sicker.
You kill Robin!
Lugonu accepts your kill. The orc wizard barely misses you.
The orc barely misses you. x2
The goblin hits you.
* * * LOW HITPOINT WARNING * * *
You barely miss the goblin.
The orc wizard mumbles some strange words.
The orc wizard blinks!
The orc hits you but does no damage. The orc hits you.
* * * LOW HITPOINT WARNING * * *
The orc looks sick.
The goblin barely misses you.
Unknown command.
You barely miss the goblin. The orc barely misses you. x2
The goblin hits you.
You die...

.##.##.##......# .#
.#.o##..##...#.#
...####..###.#.##
o.## #.# #.#... s##
.# #.#..# . #.#
#.#..# . #. ##.#..#
# . #..#..#.ยง## ..
#....#go@# ...
#...)og# ....
#.#..).# .....
#.##.(.#####
.S....###..........#
.....g.!...........#
gg..g####..........#
.o. ##..........# g
#...........#


You could see 2 orcs and 2 goblins.

Vanquished Creatures
  A hound (D:2)
  Jessica (D:2)
  Robin (D:3)
  6 adders (D:2)
  2 dart slugs
  A giant gecko (D:2)
  3 orcs (D:3)
  3 bats (D:2)
  3 giant cockroaches
  12 goblins
  6 hobgoblins
  3 jackals (D:2)
  8 kobolds
  A quokka (D:2)
  2 ball pythons
  2 giant newts (D:1)
  5 rats
60 creatures vanquished.

Notes
Turn   | Place    | Note
--------------------------------------------------------------
     0 | Abyss:1  | mrath the Demonspawn Abyssal Knight began the quest for the Orb.
     0 | Abyss:1  | Reached XP level 1. HP: 18/18 MP: 2/2
     0 | D:1      | Escaped the Abyss
    33 | D:1      | Reached skill level 2 in Maces & Flails
   178 | D:1      | Reached * piety under Lugonu
   230 | D:1      | Gained mutation: You are immune to rotting. [demonic ancestry]
   230 | D:1      | Reached XP level 2. HP: 18/24 MP: 3/3
   776 | D:2      | Reached skill level 3 in Maces & Flails
  1059 | D:2      | Reached XP level 3. HP: 27/29 MP: 4/4
  1137 | D:2      | Found a burning altar of Makhleb.
  1193 | D:2      | Reached skill level 4 in Maces & Flails
  1193 | D:2      | Gained mutation: You may emit foul miasma when damaged in melee. [demonic ancestry]
  1193 | D:2      | Reached XP level 4. HP: 12/35 MP: 5/5
  1200 | D:2      | HP: 1/35 [poisoned by an adder]
  1551 | D:2      | Reached ** piety under Lugonu
  1757 | D:2      | Noticed Jessica
  1768 | D:2      | Killed Jessica
  2368 | D:3      | Noticed Robin
  2377 | D:3      | Gained mutation: You have a pair of small antennae on your head. [demonic ancestry]
  2377 | D:3      | Reached XP level 5. HP: 41/41 MP: 6/6
  2862 | D:2      | Reached skill level 1 in Dodging
  3101 | D:3      | Killed Robin
  3103 | D:3      | Slain by a goblin

Vault maps used:
D:1:      saegor_arrival_simple_e
D:2:      makhleb_heckhound_becter, uniq_jessica
D:3:      kennysheep_the_goblin_king, okawaru_ov_weapons_minmay, uniq_robin

Skill      XL: |  1  2  3  4  5 |
---------------+----------------+-----
Maces & Flails | 2 3 4 |  4.9
Dodging        | 1 |  1.1
Fighting       | |  3.0
Armour         | |  1.7
Invocations    | |  2.5
Evocations     | |  0.8

Action                   |  1- 3 |  4- 6 || total
-------------------------+-------+-------++-------
Melee: Mace              |    67 |   116 ||   183
Throw: Stone             |       |     4 ||     4
Invok: Depart the Abyss  |     1 |       ||     1
  Use: Potion            |       |     1 ||     1
  Eat: Chunk             |     1 |     6 ||     7
